 Dungeon Sprint DCSS version 0.22.1-2-g9c5b331383 (webtiles) character file.

1232 Groucho the Imperceptible (level 8, 0/58 HPs)
             Began as a Spriggan Berserker on Dec 19, 2018.
             Was a Priest of Trog.
             Slain by a centaur warrior (14 damage)
             ... in the Dungeon (Sprint I: "Red Sonja").
             The game lasted 00:01:36 (187 turns).

Groucho the Imperceptible (Spriggan Berserker)       Turns: 187, Time: 00:01:36

Health: 0/58       AC:  2    Str: 18    XL:     8   Next: 24%
Magic:  9/9        EV: 20    Int:  9    God:    Trog [***...]
Gold:   405        SH:  0    Dex: 17    Spells: 7/7 levels left

rFire    . . .     SeeInvis +   a - +0 short sword
rCold    . . .     Gourm    .   (shield restricted)
rNeg     . . .     Faith    .   b - +0 animal skin
rPois    .         Spirit   .   (helmet restricted)
rElec    .         Reflect  .   (no cloak)
rCorr    .         Harm     .   (gloves unavailable)
MR       +....     NoTele   +   (boots unavailable)
Stlth    ..........             (no amulet)
HPRegen  0.19/turn              (no ring)
MPRegen  0.11/turn              (no ring)

@: berserking (expiring), very slightly contaminated, very quick
A: very small, unfitting armour, see invisible, herbivore, speed 3, slow
metabolism 2
a: Berserk, Trog's Hand, Renounce Religion


You were in the Dungeon.
You worshipped Trog.
Trog was most pleased with you.
You were not hungry.

You visited 1 branch You collected 405 gold pieces.

Inventory:

Hand Weapons
 a - a +0 short sword (weapon)
Armour
 b - a +0 animal skin (worn)
Wands
 j - a wand of polymorph (16)
Scrolls
 k - a scroll of fog {unknown}
 l - a scroll of remove curse {unknown}
 m - a scroll of brand weapon {unknown}
Potions
 d - a potion of curing
 f - a potion of haste
 g - 3 potions of magic
 h - a potion of berserk rage
Comestibles
 c - a ration


   Skills:
 - Level 2.4 Fighting
 - Level 3.2 Short Blades
 - Level 4.4 Dodging
 + Level 24.1 Stealth


You had 7 spell levels left.
You didn't know any spells.
Your spell library was empty.

Dungeon Overview and Level Annotations

Branches:
Dungeon (1/1)

Altars:
Cheibriados
Dithmenos
Elyvilon
Fedhas
Gozag
Hepliaklqana
Kikubaaqudgha
Makhleb
Nemelex Xobeh
Okawaru
Qazlal
Ru
Sif Muna
Trog
Uskayaw
Vehumet
Wu Jian
Xom
Yredelemnul
Zin
The Shining One
Jiyva
Lugonu

Shops:
D }


Innate Abilities, Weirdness & Mutations

You are very small and have problems with some larger weapons.
You are too small for most types of armour.
You have supernaturally acute eyesight. (SInv)
You are a herbivore.
You cover ground extremely quickly.
You need to consume almost no food.


Message History

The centaur warrior hits you! The centaur warrior hits you.
You hit the centaur warrior.
The centaur warrior is lightly wounded.
You puncture the centaur warrior!
The centaur warrior is moderately wounded.
The centaur warrior hits you!
You are too injured to fight recklessly!
You are too injured to fight recklessly!
You are too injured to fight recklessly!
You barely miss the centaur warrior.
The centaur warrior is moderately wounded.
The centaur warrior barely misses you.
You hit the centaur warrior.
The centaur warrior is moderately wounded.
The centaur warrior hits you!
* * * LOW HITPOINT WARNING * * *
You completely miss the centaur warrior.
The centaur warrior is moderately wounded.
The centaur warrior hits you!
You die...

###################
#.['..#.)'..#__#..+
'..#.)'..#..'..'..#
#####'#####'#__####
####..#...#.####%§#
#__####..##.#≈§§§§#
#_____##'#_.'§§§@§+
#_.∩...'..._#≈§§§c#
#_..__##_.#'##+####
#_____###+#.#
####### ###


You could see a centaur warrior.

Vanquished Creatures
  A centaur warrior (D)
  A slime creature (D)
  Sigmund (D)
  A yak (D)
  An ogre (D)
  A jelly (D)
  Ijyb (D)
7 creatures vanquished.

Notes
Turn   | Place    | Note
-------+----------+-------------------------------------------
     0 | D        | Groucho the Spriggan Berserker began the quest for the Orb.
     0 | D        | Reached XP level 1. HP: 11/11 MP: 2/2
     2 | D        | Noticed Ijyb
     8 | D        | Killed Ijyb
     8 | D        | Reached skill level 9 in Stealth
     8 | D        | Reached XP level 2. HP: 16/16 MP: 3/3
    51 | D        | Noticed an ogre
    54 | D        | Killed an ogre
    54 | D        | Reached skill level 13 in Stealth
    54 | D        | Reached XP level 3. HP: 19/19 MP: 4/4
    54 | D        | Reached XP level 4. HP: 23/23 MP: 5/5
    68 | D        | Noticed Sigmund
    70 | D        | Killed Sigmund
    70 | D        | Reached ** piety under Trog
    70 | D        | Reached skill level 17 in Stealth
    70 | D        | Reached XP level 5. HP: 27/27 MP: 6/6
    84 | D        | Found a deep blue altar of Sif Muna.
    85 | D        | Found an ornate altar of the Wu Jian Council.
    86 | D        | Found a radiant altar of Vehumet.
    90 | D        | Reached XP level 6. HP: 32/32 MP: 7/7
   126 | D        | Found Qoequzedd's Gadget Emporium.
   126 | D        | Found an ancient bone altar of Kikubaaqudgha.
   126 | D        | Found a hazy altar of Hepliaklqana.
   126 | D        | Found a stormy altar of Qazlal.
   126 | D        | Found a hide-covered altar of Uskayaw.
   126 | D        | Found a blossoming altar of Fedhas.
   126 | D        | Found a bloodstained altar of Trog.
   126 | D        | Found an iron altar of Okawaru.
   126 | D        | Found a basalt altar of Yredelemnul.
   126 | D        | Found a glowing golden altar of the Shining One.
   126 | D        | Found a snail-covered altar of Cheibriados.
   126 | D        | Found a sacrificial altar of Ru.
   126 | D        | Found a glowing silver altar of Zin.
   126 | D        | Found a shadowy altar of Dithmenos.
   126 | D        | Found a white marble altar of Elyvilon.
   126 | D        | Noticed a yak
   127 | D        | Found an opulent altar of Gozag.
   128 | D        | Killed a yak
   128 | D        | Reached skill level 19 in Stealth
   129 | D        | Found a sparkling altar of Nemelex Xobeh.
   147 | D        | Found a burning altar of Makhleb.
   147 | D        | Found a shimmering altar of Xom.
   147 | D        | Noticed a slime creature
   148 | D        | Found a viscous altar of Jiyva.
   148 | D        | Found a corrupted altar of Lugonu.
   150 | D        | Killed a slime creature
   150 | D        | Reached *** piety under Trog
   150 | D        | Reached skill level 21 in Stealth
   150 | D        | Reached XP level 7. HP: 35/35 MP: 8/8
   172 | D        | Noticed a centaur warrior
   176 | D        | Noticed a centaur warrior
   177 | D        | Killed a centaur warrior
   177 | D        | Reached skill level 24 in Stealth
   177 | D        | Reached XP level 8. HP: 39/39 MP: 9/9
   187 | D        | Slain by a centaur warrior

Skill      XL: |  1  2  3  4  5  6  7 |
---------------+----------------------+-----
Stealth        | 9 13 17 21 24 | 24.1
Fighting       | |  2.4
Short Blades   | |  3.2
Dodging        | |  4.4

Action                   |  1- 3 |  4- 6 |  7- 9 || total
-------------------------+-------+-------+-------++-------
Melee: Unarmed           |     3 |       |       ||     3
       Short sword       |     3 |     4 |     9 ||    16
Invok: Berserk           |     1 |       |     1 ||     2
  Use: Scroll            |       |       |     1 ||     1
       Potion            |       |       |     1 ||     1
 Stab: Sleeping          |     2 |     4 |     1 ||     7
Dodge: Dodged            |     2 |       |     4 ||     6
